 Dungeon Crawl Stone Soup version 0.27-a0-1529-g1e82c303ef (webtiles) character file.

Game seed: 5614578074229539599

9 blackman the Cutter (level 2, -1/19 HPs)
             Began as a Human Wanderer on July 11, 2021.
             Slain by a hobgoblin (4 damage)
             ... on level 1 of the Dungeon.
             The game lasted 00:01:47 (527 turns).

blackman the Cutter (Human Wanderer)                 Turns: 527, Time: 00:01:47

Health: -1/19      AC:  2    Str:  9 (12) XL:     2   Next: 20%
Magic:  2/2        EV: 11    Int: 11 (12) God:
Gold:   12         SH:  0    Dex: 10 (12) Spells: 1/1 levels left

rFire    . . .     SeeInvis .   d - +0 hand axe
rCold    . . .     Faith    .   (no shield)
rNeg     . . .     Spirit   .   b - +0 robe
rPois    .         Reflect  .   (no helmet)
rElec    .         Harm     .   (no cloak)
rCorr    .         Rampage  .   (no gloves)
Will     .....                  (no boots)
Stlth    ++........             (no amulet)
HPRegen  0.06/turn              (no ring)
MPRegen  0.08/turn              (no ring)

@: no status effects
A: no striking features
a: no special abilities


You were on level 1 of the Dungeon.
You visited 1 branch of the dungeon, and saw 1 of its levels.

You collected 12 gold pieces.

Inventory:

Hand Weapons
 a - a +2 short sword
 c - a +0 dagger
 d - a +0 hand axe (weapon)
Armour
 b - a +0 robe (worn)


   Skills:
 - Level 3.0 Short Blades
 * Level 2.1 Maces & Flails
 - Level 2.0 Armour
 - Level 1.0 Dodging
 - Level 2.0 Stealth
 - Level 1.0 Evocations


You had one spell level left.
You didn't know any spells.
Your spell library contained the following spells:

 Spells                   Type           Power      Damage    Failure   Level
 Foxfire                  Conj/Fire      0%         2x1d4     34%         1
 Sting                    Tmut/Pois      0%         1d3       34%         1
 Inner Flame              Hex/Fire       0%         N/A       71%         3
 Spider Form              Tmut/Pois      0%         N/A       71%         3


Dungeon Overview and Level Annotations

Branches:
Dungeon (1/15)

Altars:

Shops:
D:1 !


Message History

The endoplasm freezes you.
You are frozen.
You hit the endoplasm but do no damage.
The endoplasm is moderately wounded.
The endoplasm misses you.
The endoplasm hits you but does no damage.
You hit the endoplasm.
The endoplasm is severely wounded.
The endoplasm freezes you.
You are frozen.
You hit the endoplasm.
You kill the endoplasm!
You hit the hobgoblin.
The hobgoblin is severely wounded.
The hobgoblin hits you. The hobgoblin barely misses you.
You hit the hobgoblin but do no damage.
The hobgoblin is severely wounded.
The hobgoblin hits you.
You closely miss the hobgoblin.
The hobgoblin is severely wounded.
The hobgoblin barely misses you.
It was a potion of degeneration.
There was something very wrong with that liquid.
You feel weakened.
You feel dopey.
You feel clumsy. The hobgoblin hits you.
* * * LOW HITPOINT WARNING * * *
Things that are here:
a +0 dagger; a goblin corpse You see here a bat corpse.
You hit the hobgoblin but do no damage.
The hobgoblin is moderately wounded.
The hobgoblin hits you.
* * * LOW HITPOINT WARNING * * *
You barely miss the hobgoblin.
The hobgoblin is moderately wounded.
The hobgoblin closely misses you.
You closely miss the hobgoblin.
The hobgoblin is moderately wounded.
The hobgoblin hits you.
You die...

........ #.∩.#...............
........ #..##..####.######..
........ #..##.## #.# ........
#.....#####.# ........
#........##.# #.#.####
###........##.# ..#.## #
#..........##.## .....##
#.##...#..........#####.#
#.#....##.#....#@.....#.......>..
#.#.##..#....###.g......######..#
#...# #........#.r....###
###.####.###.#[....g...######
#..# #.# #.#.................
#..###.###..[.....#..######.#
#..............[......####..#
#......†#..#.####..##†.#...#
#..##......#.## #).##....#


You could see 2 hobgoblins and a rat.

Vanquished Creatures
  2 endoplasms (D:1)
  A goblin (D:1)
  A hobgoblin (D:1)
  A quokka (D:1)
  2 bats (D:1)
  A rat (D:1)
8 creatures vanquished.

Notes
Turn   | Place    | Note
-------+----------+-------------------------------------------
     0 | D:1      | blackman the Human Wanderer began the quest for the Orb.
     0 | D:1      | blackman set off with the following items: a +2 short
                  | sword, a +0 robe, a +0 dagger; and the following spells
                  | available to memorise: Foxfire, Sting, Inner Flame, Spider
                  | Form
     0 | D:1      | Reached XP level 1. HP: 13/13 MP: 1/1
   159 | D:1      | Found Goceckarch's Distillery.
   382 | D:1      | Reached XP level 2. HP: 19/19 MP: 2/2
   527 | D:1      | Slain by a hobgoblin

Illustrated notes

Levels and vault maps discovered:
D:1:      dpeg_arrival_tiny_a, layout_rooms, hellmonk_ecumenical_altar_lost_god,
          serial_shops, shop, item_on_display_a

Skill      XL: |  1  2 |
---------------+-------+-----
Maces & Flails | 2 |  2.1
Short Blades   | |  3.0
Armour         | |  2.0
Dodging        | |  1.0
Stealth        | |  2.0
Evocations     | |  1.0

Action                   || total
-------------------------++-------
Melee: Hand axe          ||    31
       Short sword       ||     4
  Use: Potion            ||     1
Armor: Robe              ||     4
Dodge: Dodged            ||    24

Table legend: (Time is in decaauts)
 A = Elapsed time spent in this place.
 B = Non-inter-level travel time spent in this place.
 C = Inter-level travel time spent in this place.
 D = Time resting spent in this place.
 E = Time spent auto-exploring this place.
 F = Levels seen in this place.
 G = Mean time per level.
                   A        B        C        D        E       F      G
               +--------+--------+--------+--------+--------+-----+--------+
         Total |    533 |    494 |     39 |      0 |    377 |   1 |  533.0 |
       Dungeon |    533 |    494 |     39 |      0 |    377 |   1 |  533.0 |
               +--------+--------+--------+--------+--------+-----+--------+

Top non-repeatable levels by time:
     D:1: 533 daAuts
